SA
HOGSMEADE CAULDRONS @ NIAGARA FALLS EXPOS
08/24/2030
 
TOP OF THE 1ST
Hogsmeade Cauldrons batting - Pitching for Niagara Falls Expos : RHP Song Tsang
Pitching: RHP Song Tsang
Batting: RHB Panas Pletnev 0-0: Swinging Strike
0-1: Called Strike
0-2: Ball
1-2: Strikes out looking
Batting: LHB Jesús Lazcano 0-0: Ball
1-0: Ball
2-0: Called Strike
2-1: Foul Ball, location: 2F
2-2: Ball
3-2: Base on Balls
Batting: LHB Jin-yong Myung 0-0: Ball
1-0: SINGLE (Line Drive, 89S)
Jesús Lazcano to second
Batting: RHB Mariano Saelices 0-0: Ball
1-0: Swinging Strike
1-1: Swinging Strike
1-2: Foul Ball, location: 2F
1-2: Foul Ball, location: 2F
1-2: Foul Ball, location: 2F
1-2: DOUBLE (Line Drive, 8LD)
Jesús Lazcano scores
Jin-yong Myung to third
Batting: RHB Akke Derksen 0-0: Ball
1-0: Swinging Strike
1-1: Ball
2-1: Ball
3-1: Swinging Strike
3-2: SINGLE (Line Drive, 78S)
Jin-yong Myung scores
Mariano Saelices to third
Batting: RHB Nelson Rivera 0-0: Fly out, F8 (Flyball, 89D)
Runner from 3rd tags up, OUT at HOME
Top of the 1st over - 2 runs, 3 hits, 0 errors, 1 left on base; Hogsmeade 2 - Niagara Falls 0
BOTTOM OF THE 1ST
Niagara Falls Expos batting - Pitching for Hogsmeade Cauldrons : RHP Harrison Dunning
Pitching: RHP Harrison Dunning
Batting: RHB Francisco Valentín 0-0: Called Strike
0-1: Ball
1-1: Fly out, F5 (Line Drive, 56)
Batting: RHB José Medina 0-0: SINGLE (Line Drive, 78S)
Batting: RHB Hsi-men King 0-0: Swinging Strike
0-1: Foul Ball, location: 2F
0-2: Fly out, F7 (Flyball, 7S)
Batting: RHB Jesús Herrera 0-0: Called Strike
0-1: Ball
1-1: Swinging Strike
1-2: Ball
2-2: Strikes out swinging
Bottom of the 1st over - 0 runs, 1 hit, 0 errors, 1 left on base; Hogsmeade 2 - Niagara Falls 0
TOP OF THE 2ND
Hogsmeade Cauldrons batting - Pitching for Niagara Falls Expos : RHP Song Tsang
Batting: RHB Diederick Tuiters 0-0: Called Strike
0-1: Ball
1-1: Called Strike
1-2: Ball
2-2: Fly out, F3 (Popup, 3S)
Batting: LHB Pedro Reyes 0-0: Ball
1-0: Ball
2-0: Called Strike
2-1: Ground out U3 (Groundball, 3S)
Batting: RHB Conor Gallon 0-0: Swinging Strike
0-1: Called Strike
0-2: Ball
1-2: Strikes out swinging
Top of the 2nd over - 0 runs, 0 hits, 0 errors, 0 left on base; Hogsmeade 2 - Niagara Falls 0
BOTTOM OF THE 2ND
Niagara Falls Expos batting - Pitching for Hogsmeade Cauldrons : RHP Harrison Dunning
Batting: RHB Min-tae Yi 0-0: Called Strike
0-1: Ball
1-1: Called Strike
1-2: Foul Ball, location: 2F
1-2: Strikes out swinging
Batting: RHB Domingo Altamirańo 0-0: Foul Ball, location: 2F
0-1: Called Strike
0-2: Foul Ball, location: 2F
0-2: DOUBLE (Line Drive, 9LM)
Batting: LHB Sébastien Cornu 0-0: Ball
1-0: Foul Ball, location: 2F
1-1: Foul Ball, location: 2F
1-2: Strikes out swinging
Batting: RHB Bobson Dugnutt 0-0: Foul Ball, location: 2F
0-1: Called Strike
0-2: Foul Ball, location: 2F
0-2: Ball
1-2: Ground out 6-3 (Groundball, 6)
Bottom of the 2nd over - 0 runs, 1 hit, 0 errors, 1 left on base; Hogsmeade 2 - Niagara Falls 0
TOP OF THE 3RD
Hogsmeade Cauldrons batting - Pitching for Niagara Falls Expos : RHP Song Tsang
Batting: RHB Panas Pletnev 0-0: Foul Ball, location: 2F
0-1: Fly out, F6 (Line Drive, 6)
Batting: LHB Jesús Lazcano 0-0: Ground out 4-3 (Groundball, 4S)
Batting: LHB Jin-yong Myung 0-0: Ball
1-0: Called Strike
1-1: Ball
2-1: Foul Ball, location: 2F
2-2: Fly out, F9 (Flyball, 9LMF)
Top of the 3rd over - 0 runs, 0 hits, 0 errors, 0 left on base; Hogsmeade 2 - Niagara Falls 0
BOTTOM OF THE 3RD
Niagara Falls Expos batting - Pitching for Hogsmeade Cauldrons : RHP Harrison Dunning
Batting: RHB Rio Clark 0-0: Ball
1-0: Ball
2-0: Ball
3-0: Called Strike
3-1: Foul Ball, location: 2F
3-2: Reached on error, E9 (Flyball, 9)
Batting: RHB Francisco Valentín 0-0: Foul Ball, location: 2F
0-1: Foul Ball, location: 2F
0-2: Grounds into double play, 5-4-3 (Groundball, 56)
Batting: RHB José Medina 0-0: Called Strike
0-1: Called Strike
0-2: Strikes out swinging
Bottom of the 3rd over - 0 runs, 0 hits, 1 error, 0 left on base; Hogsmeade 2 - Niagara Falls 0
TOP OF THE 4TH
Hogsmeade Cauldrons batting - Pitching for Niagara Falls Expos : RHP Song Tsang
Batting: RHB Mariano Saelices 0-0: Called Strike
0-1: Foul Ball, location: 2F
0-2: Ball
1-2: SINGLE (Line Drive, 6MD)
Batting: RHB Akke Derksen 0-0: Ball
1-0: Foul Ball, location: 2F
1-1: Foul Ball, location: 2F
1-2: Ball
2-2: Foul Ball, location: 2F
2-2: Ball
3-2: Strikes out swinging
Batting: RHB Nelson Rivera 0-0: Swinging Strike
0-1: Called Strike
0-2: Strikes out swinging
Batting: RHB Diederick Tuiters 0-0: Called Strike
0-1: Ball
1-1: Called Strike
1-2: Ball
2-2: Strikes out swinging
Top of the 4th over - 0 runs, 1 hit, 0 errors, 1 left on base; Hogsmeade 2 - Niagara Falls 0
BOTTOM OF THE 4TH
Niagara Falls Expos batting - Pitching for Hogsmeade Cauldrons : RHP Harrison Dunning
Batting: RHB Hsi-men King 0-0: Fly out, F7 (Line Drive, 7S)
Batting: RHB Jesús Herrera 0-0: Ball
1-0: Fly out, F7 (Flyball, 7S)
Batting: RHB Min-tae Yi 0-0: Called Strike
0-1: Fly out, F1 (Line Drive, 13)
Bottom of the 4th over - 0 runs, 0 hits, 0 errors, 0 left on base; Hogsmeade 2 - Niagara Falls 0
TOP OF THE 5TH
Hogsmeade Cauldrons batting - Pitching for Niagara Falls Expos : RHP Song Tsang
Batting: LHB Pedro Reyes 0-0: Called Strike
0-1: Swinging Strike
0-2: Ball
1-2: Hit by Pitch
Batting: RHB Conor Gallon 0-0: Called Strike
0-1: Ball
1-1: Bunt missed!
1-2: Fly out, F9 (Flyball, 89D)
Batting: RHB Panas Pletnev 0-0: Ball
1-0: Fielders Choice at 2nd, 4-6 (Groundball, 4)
Batting: LHB Jesús Lazcano 0-0: Ball
1-0: Called Strike
1-1: Ball
2-1: Fly out, F6 (Line Drive, 6M)
Top of the 5th over - 0 runs, 0 hits, 0 errors, 1 left on base; Hogsmeade 2 - Niagara Falls 0
BOTTOM OF THE 5TH
Niagara Falls Expos batting - Pitching for Hogsmeade Cauldrons : RHP Harrison Dunning
Batting: RHB Domingo Altamirańo 0-0: Called Strike
0-1: Swinging Strike
0-2: Strikes out swinging
Batting: LHB Sébastien Cornu 0-0: Ball
1-0: Ground out U3 (Groundball, 3)
Batting: RHB Bobson Dugnutt 0-0: Fly out, F2 (Popup, 2RF)
Bottom of the 5th over - 0 runs, 0 hits, 0 errors, 0 left on base; Hogsmeade 2 - Niagara Falls 0
TOP OF THE 6TH
Hogsmeade Cauldrons batting - Pitching for Niagara Falls Expos : RHP Song Tsang
Batting: LHB Jin-yong Myung 0-0: Ball
1-0: Ball
2-0: Foul Ball, location: 2F
2-1: Foul Ball, location: 2F
2-2: SINGLE (Line Drive, 9S)
Batting: RHB Mariano Saelices 0-0: Called Strike
0-1: Hit by Pitch
Jin-yong Myung to second
Batting: RHB Akke Derksen 0-0: SINGLE (Groundball, 34D)
Jin-yong Myung to third
Mariano Saelices to second
Batting: RHB Nelson Rivera 0-0: Called Strike
0-1: Swinging Strike
0-2: Ball
1-2: Ball
2-2: Ball
3-2: Fly out, F4 (Popup, 4M)
Batting: RHB Diederick Tuiters 0-0: Swinging Strike
0-1: Called Strike
0-2: Foul Ball, location: 2F
0-2: Grounds into fielders choice 6-2 (Groundball, 6S)
Mariano Saelices to third
Akke Derksen to second
Batting: LHB Pedro Reyes 0-0: Ball
1-0: Swinging Strike
1-1: Foul Ball, location: 2F
1-2: SINGLE (Line Drive, 4MD)
Mariano Saelices scores
Akke Derksen to third
Diederick Tuiters to second
Runner from 3rd tries for Home, SAFE, no throw
Batting: RHB Conor Gallon 0-0: Called Strike
0-1: Ground out 5-3 (Groundball, 56)
Top of the 6th over - 2 runs, 3 hits, 0 errors, 2 left on base; Hogsmeade 4 - Niagara Falls 0
BOTTOM OF THE 6TH
Niagara Falls Expos batting - Pitching for Hogsmeade Cauldrons : RHP Harrison Dunning
Batting: RHB Rio Clark 0-0: Ball
1-0: Ball
2-0: Foul Ball, location: 2F
2-1: Ball
3-1: Ground out U3 (Groundball, 3)
Batting: RHB Francisco Valentín 0-0: Ball
1-0: Foul Ball, location: 2F
1-1: SOLO HOME RUN (Flyball, 7LD), Distance : 358 ft
Batting: RHB José Medina 0-0: Swinging Strike
0-1: Foul Ball, location: 2F
0-2: Ball
1-2: Ball
2-2: Foul Ball, location: 2F
2-2: Strikes out looking
Batting: RHB Hsi-men King 0-0: Ball
1-0: Foul Ball, location: 2F
1-1: Swinging Strike
1-2: Fly out, F6 (Popup, 6D)
Bottom of the 6th over - 1 run, 1 hit, 0 errors, 0 left on base; Hogsmeade 4 - Niagara Falls 1
TOP OF THE 7TH
Hogsmeade Cauldrons batting - Pitching for Niagara Falls Expos : RHP Song Tsang
Batting: RHB Panas Pletnev 0-0: Foul Ball, location: 2F
0-1: Ball
1-1: Ground out 5-3 (Groundball, 25)
Batting: LHB Jesús Lazcano 0-0: Ball
1-0: Swinging Strike
1-1: Ball
2-1: Called Strike
2-2: Strikes out swinging
Batting: LHB Jin-yong Myung 0-0: Swinging Strike
0-1: Ball
1-1: Ground out 6-3 (Groundball, 4M)
Top of the 7th over - 0 runs, 0 hits, 0 errors, 0 left on base; Hogsmeade 4 - Niagara Falls 1
BOTTOM OF THE 7TH
Niagara Falls Expos batting - Pitching for Hogsmeade Cauldrons : RHP Harrison Dunning
Batting: RHB Jesús Herrera 0-0: Ball
1-0: Foul Ball, location: 2F
1-1: Foul Ball, location: 2F
1-2: Ground out 6-3 (Groundball, 6)
Batting: RHB Min-tae Yi 0-0: Ball
1-0: Fly out, F9 (Flyball, 9)
Batting: RHB Domingo Altamirańo 0-0: Called Strike
0-1: Ball
1-1: Ball
2-1: Foul Ball, location: 2F
2-2: Fly out, F8 (Flyball, 8LS)
Bottom of the 7th over - 0 runs, 0 hits, 0 errors, 0 left on base; Hogsmeade 4 - Niagara Falls 1
TOP OF THE 8TH
Hogsmeade Cauldrons batting - Pitching for Niagara Falls Expos : RHP Song Tsang
Pitching: RHP Pat Clement
Batting: RHB Mariano Saelices 0-0: Foul Ball, location: 2F
0-1: Foul Ball, location: 2F
0-2: Ball
1-2: Strikes out swinging, 2-3 out at first.
Batting: RHB Akke Derksen 0-0: Ball
1-0: Ball
2-0: Called Strike
2-1: Called Strike
2-2: Ground out 5-3 (Groundball, 56S)
Batting: RHB Nelson Rivera 0-0: Foul Ball, location: 2F
0-1: Foul Ball, location: 2F
0-2: Strikes out swinging
Top of the 8th over - 0 runs, 0 hits, 0 errors, 0 left on base; Hogsmeade 4 - Niagara Falls 1
BOTTOM OF THE 8TH
Niagara Falls Expos batting - Pitching for Hogsmeade Cauldrons : RHP Harrison Dunning
Batting: LHB Sébastien Cornu 0-0: Ball
1-0: Called Strike
1-1: Called Strike
1-2: Foul Ball, location: 2F
1-2: Ball
2-2: Ground out U3 (Groundball, 3S)
Batting: RHB Bobson Dugnutt 0-0: Called Strike
0-1: SINGLE (Groundball, 5D)
Batting: RHB Rio Clark 0-0: Foul Ball, location: 2F
0-1: Ball
1-1: Called Strike
1-2: Foul Ball, location: 2F
1-2: Fielders Choice at 2nd, 6-4 (Groundball, 56)
Batting: RHB Francisco Valentín 0-0: Called Strike
0-1: Ground out 1-3 (Groundball, 13)
Bottom of the 8th over - 0 runs, 1 hit, 0 errors, 1 left on base; Hogsmeade 4 - Niagara Falls 1
TOP OF THE 9TH
Hogsmeade Cauldrons batting - Pitching for Niagara Falls Expos : RHP Pat Clement
Batting: RHB Diederick Tuiters 0-0: Ground out 3-1 (Groundball, 34)
Batting: LHB Pedro Reyes 0-0: Foul Ball, location: 2F
0-1: Ball
1-1: Called Strike
1-2: Strikes out looking
Batting: RHB Conor Gallon 0-0: Called Strike
0-1: Foul Ball, location: 2F
0-2: Ball
1-2: Ball
2-2: Hit by Pitch
Batting: RHB Panas Pletnev 0-0: Called Strike
0-1: Called Strike
0-2: Ground out 4-3 (Groundball, 4)
Top of the 9th over - 0 runs, 0 hits, 0 errors, 1 left on base; Hogsmeade 4 - Niagara Falls 1
BOTTOM OF THE 9TH
Niagara Falls Expos batting - Pitching for Hogsmeade Cauldrons : RHP Harrison Dunning
Pitching: RHP Jung-min Ch'oe
Batting: RHB José Medina 0-0: Called Strike
0-1: Ball
1-1: Foul Ball, location: 2F
1-2: Ball
2-2: Strikes out swinging
Batting: RHB Hsi-men King 0-0: Called Strike
0-1: Foul Ball, location: 2F
0-2: Foul Ball, location: 2F
0-2: Ball
1-2: Ball
2-2: Strikes out swinging
Batting: RHB Jesús Herrera 0-0: Foul Ball, location: 2F
0-1: Ball
1-1: Ground out 4-3 (Groundball, 4MS)
Bottom of the 9th over - 0 runs, 0 hits, 0 errors, 0 left on base; Hogsmeade 4 - Niagara Falls 1
Sunday, March 18th, 2018 - OOTP Baseball 18.8 Build 76